 Dungeon Crawl Stone Soup version 0.23.2-33-g5129a83184 (webtiles) character file.

Game seed: 17899751284833239101

329 FishyPogo the Sneak (level 6, -5/52 HPs)
             Began as a Naga Ice Elementalist on Aug 10, 2019.
             Slain by an ogre
             ... wielding a +0 giant club
              (15 damage)
             ... on level 4 of the Dungeon.
             The game lasted 00:18:39 (2603 turns).

FishyPogo the Sneak (Naga Ice Elementalist)         Turns: 2603, Time: 00:18:39

Health: -5/52      AC: 11    Str: 11    XL:     6   Next: 51%
Magic:  7/9        EV:  8    Int: 16    God:
Gold:   180        SH:  0    Dex: 12    Spells: 7/10 levels left

rFire    . . .     SeeInvis +   a - +3 whip
rCold    . . .     Gourm    .   (no shield)
rNeg     . . .     Faith    +   j - +3 ring mail
rPois    +         Spirit   .   (no helmet)
rElec    .         Reflect  .   b - scarf {repulsion}
rCorr    .         Harm     .   q - +2 pair of gloves
MR       .....                  (no barding)
Stlth    ++........             r - amulet of faith
HPRegen  0.17/turn              (no ring)
MPRegen  0.11/turn              (no ring)

@: short of breath, repel missiles, very slow
A: large, see invisible, deformed body, poison resistance, slowness 2, slow
metabolism 1, spit poison 1, AC +2
a: Spit Poison


You were on level 4 of the Dungeon.
You were hungry.

You visited 1 branch of the dungeon, and saw 4 of its levels.

You collected 180 gold pieces.

Inventory:

Hand Weapons
 a - a +3 whip (weapon)
Missiles
 f - 103 stones (quivered)
Armour
 b - a scarf of repulsion (worn)
 j - a +3 ring mail (worn)
 q - a +2 pair of gloves (worn)
Magical Staves
 t - an uncursed staff of earth
Jewellery
 r - an amulet of faith (around neck)
Scrolls
 d - a scroll of remove curse {unknown}
 g - 2 scrolls of amnesia {unknown}
 h - a scroll of fear {unknown}
 i - a scroll of enchant armour {unknown}
 n - a scroll of immolation {unknown}
 p - 2 scrolls of identify {unknown}
Potions
 k - a potion of might {unknown}
 m - a potion of ambrosia {unknown}
 o - a potion of haste {unknown}
Comestibles
 c - 3 rations
 s - 15 chunks of flesh


   Skills:
 - Level 2.1 Fighting
 + Level 2.2 Maces & Flails
 - Level 0.2 Throwing
 * Level 2.3 Armour
 - Level 2.2 Dodging
 + Level 4.8 Stealth
 - Level 2.5 Spellcasting
 - Level 1.0 Conjurations
 - Level 3.6 Ice Magic


You had 7 spell levels left.
You knew the following spells:

 Your Spells              Type           Power        Failure   Level  Hunger
a - Freeze                Ice            ##..         11%         1    #......
b - Throw Frost           Conj/Ice       #.....       26%         2    ##.....

Your spell library contained the following spells:

 Spells                   Type           Power        Failure   Level  Hunger
 Ozocubu's Armour         Chrm/Ice       #.......     54%         3    ###....
 Throw Icicle             Conj/Ice       #.......     87%         4    #####..
 Summon Ice Beast         Ice/Summ       #.......     91%         4    #####..


Dungeon Overview and Level Annotations

Branches:
Dungeon (4/15)
 Temple: D:4-7

Altars:
Gozag


Innate Abilities, Weirdness & Mutations

You cannot wear boots.
Your serpentine skin is tough. (AC +2)
You have supernaturally acute eyesight. (SInv)
Armour fits poorly on your strangely shaped body.
Your system is resistant to poisons. (rPois)
You cover ground very slowly.
You have a slow metabolism.
You can spit poison.


Message History

You freeze the ogre.
The ogre is lightly wounded.
The ogre hits you with a +0 giant club!
As you read the scroll labeled KAUSOBR FIDGHA, it crumbles to dust.
Your +3 whip glows dull charcoal for a moment.
It was a scroll of random uselessness.
The ogre hits you with a +0 giant club!
* * * LOW HITPOINT WARNING * * *
You barely miss the ogre.
The ogre is lightly wounded.
You have got your breath back.
The ogre barely misses you.
You whack the ogre!
The ogre is heavily wounded.
Press: ? - help, Shift-Dir - straight line, f/p - ogre
Aim: an ogre, wielding a +0 giant club (heavily wounded)
The splash of poison hits the ogre!
The ogre is poisoned.
The ogre is almost dead.
You are feeling hungry.
The ogre hits you with a +0 giant club!
You die...

.ol.'..♣ #.#.#⌠⌠..⌠⌠
#.#.#⌠⌠⌠⌠⌠⌠
....##############
.................#
....#.#.########.#
#.#.#.#.# ##.##
#.#.#.#.#######...##
......#.........@O.#
.#...##########....#
###..#
........).....O
.#...###.
.........######
..........####.....#
.....###.. #.###.#
.....# #. .# .....#
.. .# #.#.## .. ##


You could see an ogre.

Vanquished Creatures
  A centaur (D:4)
  A scorpion (D:3)
  An orc wizard (D:4)
  2 worker ants (D:4)
  3 adders
  An ooze (D:1)
  An adder skeleton (D:3)
  A worm (D:3)
  4 dart slugs
  A leopard gecko (D:3)
  8 orcs
  6 giant cockroaches
  10 goblins
  2 hobgoblins (D:2)
  3 jackals (D:3)
  3 kobolds
  2 quokkas (D:3)
  2 ball pythons
  10 bats
  3 frilled lizards
  8 rats
73 creatures vanquished.

Vanquished Creatures (others)
  An orc wizard (D:4)
  4 toadstools (D:1)
5 creatures vanquished.

Grand Total: 78 creatures vanquished

Notes
Turn   | Place    | Note
-------+----------+-------------------------------------------
     0 | D:1      | FishyPogo the Naga Ice Elementalist began the quest for the
                  | Orb.
     0 | D:1      | Reached XP level 1. HP: 15/15 MP: 3/3
   101 | D:1      | Reached XP level 2. HP: 18/22 MP: 0/5
   156 | D:1      | Learned a level 2 spell: Throw Frost
   637 | D:1      | Reached XP level 3. HP: 30/30 MP: 3/6
   923 | D:2      | Reached skill level 1 in Fighting
  1144 | D:2      | Reached XP level 4. HP: 38/38 MP: 4/7
  1862 | D:3      | Reached skill level 1 in Maces & Flails
  1862 | D:3      | Reached XP level 5. HP: 45/45 MP: 8/8
  1871 | D:3      | Reached skill level 1 in Armour
  1889 | D:3      | Found a faded altar of an unknown god.
  1903 | D:3      | Became a worshipper of Gozag Ym Sagoz the Greedy
  2160 | D:4      | Noticed a centaur
  2176 | D:4      | Killed a centaur
  2176 | D:4      | Reached skill level 4 in Stealth
  2176 | D:4      | Reached XP level 6. HP: 23/52 MP: 9/9
  2464 | D:4      | Fell from the grace of Gozag
  2603 | D:4      | Slain by an ogre

Skill      XL: |  1  2  3  4  5  6 |
---------------+-------------------+-----
Fighting       | 1 2 |  2.1
Dodging        | 2 |  2.2
Maces & Flails | 1 2 |  2.2
Armour         | 2 |  2.3
Stealth        | 4 |  4.8
Throwing       | |  0.2
Spellcasting   | |  2.5
Conjurations   | |  1.0
Ice Magic      | |  3.6

Action                   |  1- 3 |  4- 6 || total
-------------------------+-------+-------++-------
Melee: Club              |     5 |       ||     5
       Whip              |     1 |   117 ||   118
Throw: Stone             |     1 |     4 ||     5
 Cast: Freeze            |    16 |    13 ||    29
       Throw Frost       |    10 |     8 ||    18
Invok: Renounce Religion |       |     1 ||     1
 Abil: Spit Poison       |    27 |    19 ||    46
  Use: Scroll            |       |     1 ||     1
 Stab: Sleeping          |     3 |     1 ||     4
  Eat: Chunk             |     2 |     6 ||     8
Armor: Robe              |     3 |     8 ||    11
       Ring mail         |       |    37 ||    37
Dodge: Dodged            |    11 |    53 ||    64
       Deflected         |       |     1 ||     1
